 Dungeon Crawl Stone Soup version 0.13-a0-2368-g1f063cc (webtiles) character file.

367 MrPlanck the Cutter (level 6, -2/64 HPs)
             Began as a Halfling Berserker on July 14, 2013.
             Was a Priest of Trog.
             Slain by a giant frog (6 damage)
             ... in a sewer.
             The game lasted 00:13:40 (2577 turns).

MrPlanck the Cutter (Halfling Berserker)            Turns: 2577, Time: 00:13:40

HP  -2/64        AC  5     Str 19      XL: 6   Next: 24%
MP   5/5         EV 16     Int  8      God: Trog [***...]
Gold 136         SH  0     Dex 17      Spells:  0 memorised,  5 levels left

Res.Fire  : . . .   See Invis. : .   a - +0 short sword
Res.Cold  : + . .   Warding    : .   K - +1 leather armour {rC+}
Life Prot.: . . .   Conserve   : .   (no shield)
Res.Poison: .       Res.Corr.  : .   (no helmet)
Res.Elec. : .       Clarity    : .   C - +0 cloak
Sust.Abil.: . .     Spirit.Shd : .   (no gloves)
Res.Mut.  : .       Stasis     : .   (no boots)
Res.Rott. : .       Flight     : .   (no amulet)
Saprovore : . . .                    (no ring)
                                     (no ring)

@: berserking, very quick, slightly resistant to hostile enchantments, extremely
unstealthy
A: mutation resistance 1, slow metabolism 1
a: Burn Spellbooks, Berserk, Trog's Hand, Renounce Religion


You were in a sewer.
You worshipped Trog.
Trog was greatly pleased with you.
You were very full.

You visited 1 branch of the dungeon, and saw 3 of its levels.
You also visited: Sewer.

You collected 116 gold pieces.

Inventory:

Hand weapons
 a - a +0,+0 short sword (weapon)
 b - a +2,+2 elven whip of holy wrath
 l - a +0,+0 club
 p - a -1,+0 orcish club
 s - a cursed -2,+0 club
 u - a +4,+0 mace of protection
 v - a +2,+1 dagger
 w - a +0,+0 club
 y - a +2,+0 elven dagger
 E - a +0,+0 sling
 F - a +0,+0 dagger
 H - a +2,+2 elven dagger
 I - a +0,+0 club
Missiles
 j - 18 poisoned needles
 k - 13 stones
 n - 31 sling bullets
 o - 7 silver darts (quivered)
 t - 8 darts
Armour
 C - a +0 cloak (worn)
 K - a +1 leather armour of cold resistance (worn)
Comestibles
 c - a bread ration
Scrolls
 d - a scroll of blinking {unknown}
 g - a scroll of enchant weapon I {unknown}
 h - a scroll of curse jewellery {unknown}
 m - 3 scrolls of fog
 B - a scroll of remove curse {unknown}
 G - a scroll of fear {unknown}
 J - a scroll of enchant armour {unknown}
Potions
 f - a potion of porridge
 i - a potion of might
 q - a potion of brilliance {unknown}
 x - a potion of curing {unknown}
 z - a potion of confusion {unknown}
 D - a potion of magic {unknown}


   Skills:
 * Level 3.9 Fighting
 * Level 5.4 Short Blades
 + Level 1.0 Throwing
 - Level 1.5 Armour
 * Level 5.1 Dodging


You had 5 spell levels left.
You didn't know any spells.

Dungeon Overview and Level Annotations

Branches:
Dungeon (3/27)

Altars:
Kikubaaqudgha


Innate Abilities, Weirdness & Mutations

You are small and have problems with some larger weapons.
You are somewhat resistant to further mutation.
You have a slow metabolism.


Message History

You kill the giant frog!
Trog accepts your kill.
Your Dodging skill increases to level 5!
You have reached level 6!
Your experience leads to an increase in your attributes!
Increase (S)trength, (I)ntelligence, or (D)exterity?
You feel agile. The giant frog hits you.
* * * LOW HITPOINT WARNING * * *
You barely miss the giant frog. The giant frog hits you.
* * * LOW HITPOINT WARNING * * *
You puncture the giant frog!
The giant frog is heavily wounded.
The giant frog barely misses you.
Your leather armour prevents you from hitting the giant frog.
The giant frog is heavily wounded.
You slash the giant frog!
The giant frog is almost dead.
The giant frog hits you.
You die...

≈≈≈≈≈≈≈≈≈≈≈≈≈≈≈.≈≈≈..∩.∩.#
######.≈≈≈≈≈≈≈.≈≈.########
#.≈≈≈≈########
#≈≈≈≈≈######################
#.≈≈≈≈.≈....................
#.≈≈≈≈≈≈≈≈≈≈≈≈≈≈≈≈≈≈≈≈≈≈≈≈≈≈
#.≈≈≈≈≈≈≈≈≈≈≈≈≈≈≈≈≈≈≈≈≈≈≈≈≈≈
#≈≈≈≈≈≈≈≈≈≈≈F≈≈≈≈≈≈≈≈≈≈≈≈≈≈≈
#≈≈≈≈≈≈≈...@%....≈≈≈≈≈≈≈≈≈≈.
#≈≈≈≈≈#######≈≈≈≈≈≈≈≈≈≈≈≈≈≈≈
#.≈≈≈≈# #≈≈≈≈≈≈≈≈≈≈≈≈≈≈≈≈≈
#.≈≈§§# #≈≈≈≈≈≈≈≈≈≈≈≈≈≈≈≈≈
#.≈§§§# #≈≈≈≈≈≈≈≈≈≈.≈.≈≈≈≈≈
#.≈≈§§# #≈≈≈≈≈≈≈≈?.≈≈ ≈≈≈
#.≈≈≈§# #≈≈≈≈≈≈.(?[.≈ ≈≈≈
#≈≈≈≈≈# #≈≈≈≈≈≈≈.!.≈ ≈≈≈
#≈≈≈≈≈# #≈≈≈≈≈≈≈≈.≈ ≈≈≈


You could see a giant frog.

Vanquished Creatures
  A giant frog (Sewer)
  2 gnolls
  3 adders
  5 giant mites
  A worm (D:2)
  4 giant geckos
  2 oozes
  4 orcs
  3 ball pythons (Sewer)
  5 bats
  9 giant cockroaches
  4 hobgoblins
  6 kobolds
  9 giant newts
  7 goblins
  4 jackals (D:1)
  2 rats (D:2)
71 creatures vanquished.

Notes
Turn   | Place    | Note
--------------------------------------------------------------
     0 | D:1      | MrPlanck, the Halfling Berserker, began the quest for the Orb.
     0 | D:1      | Reached XP level 1. HP: 16/16 MP: 0/0
    57 | D:1      | Reached XP level 2. HP: 21/21 MP: 1/1
   178 | D:1      | Reached XP level 3. HP: 27/27 MP: 2/2
   888 | D:2      | Acquired Trog's second power
  1322 | D:2      | Reached XP level 4. HP: 14/32 MP: 3/3
  1557 | D:2      | Found an ancient bone altar of Kikubaaqudgha.
  2020 | D:3      | Found a glowing drain.
  2080 | D:3      | Reached XP level 5. HP: 30/37 MP: 4/4
  2093 | D:3      | Reached skill level 1 in Throwing
  2117 | Sewer    | Entered a sewer
  2138 | Sewer    | Reached skill level 5 in Short Blades
  2573 | Sewer    | Reached skill level 5 in Dodging
  2573 | Sewer    | Reached XP level 6. HP: 10/43 MP: 5/5
  2577 | Sewer    | Slain by a giant frog

Action                   |  1- 3 |  4- 6 || total
-------------------------+-------+-------++-------
Melee: Short sword       |   155 |   189 ||   344
Throw: Dagger            |     3 |       ||     3
       Dart              |    10 |     6 ||    16
       Stone             |     8 |       ||     8
       Club              |     3 |       ||     3
Invok: Berserk           |     2 |     2 ||     4
       Trog's Hand       |       |     1 ||     1
  Use: Scroll            |       |     4 ||     4
       Potion            |       |     1 ||     1
